 Dungeon Crawl Stone Soup version 0.30-a0-242-g7bf8e6d787 (webtiles) character file.

Game seed: 12754955203311265204

33 sleeves the Slasher (level 3, 0/29 HPs)
             Began as a Demonspawn Cinder Acolyte on Oct 11, 2022.
             Was a High Priest of Ignis.
             Slain by a gnoll
             ... wielding a +0 club
              (7 damage)
             ... on level 2 of the Dungeon.
             The game lasted 00:01:09 (1070 turns).

sleeves the Slasher (Demonspawn Cinder Acolyte)     Turns: 1070, Time: 00:01:09

Health: 0/29       AC:  3    Str: 16    XL:     3   Next: 12%
Magic:  4/4        EV: 11    Int: 15    God:    Ignis [*****.]
Gold:   103        SH:  0    Dex:  8    Spells: 4/4 levels left

rFire   + . .      SeeInvis .    a - -1 falchion (flame)
rCold   . . .      Faith    .    (no shield)
rNeg    . . .      Spirit   .    d - +0 leather armour
rPois   .          Reflect  .    (helmet restricted)
rElec   .          Harm     .    (no cloak)
rCorr   .          Rampage  .    (no gloves)
Will    .....                    (no boots)
Stlth   +.........               (no amulet)
HPRegen 0.24/turn                (no ring)
MPRegen 0.09/turn                (no ring)

@: no status effects
A: antennae 1, ignite blood 1
a: Renounce Religion, Fiery Armour, Foxfire Swarm, Rising Flame


You were on level 2 of the Dungeon.
You worshipped Ignis.
Ignis was extremely pleased with you.
You visited 1 branch of the dungeon, and saw 2 of its levels.

You collected 103 gold pieces.

Inventory:

Hand Weapons
 a - a -1 falchion of flaming (weapon)
Armour
 b - a +0 robe
 d - a +0 leather armour (worn)
   (You found it on level 1 of the Dungeon)
Scrolls
 c - 2 scrolls of immolation {unknown}
 e - a scroll of noise {unknown}
Potions
 f - a potion of cancellation {unknown}


   Skills:
 - Level 3.0 Fighting
 + Level 3.9 Long Blades
 - Level 1.0 Spellcasting
 - Level 2.6 Fire Magic


You had 4 spell levels left.
You didn't know any spells.
Your spell library contained the following spells:

 Spells                   Type           Power      Damage    Failure   Level
 Scorch                   Fire           16%        2d6       16%         2


Dungeon Overview and Level Annotations

Branches:
Dungeon (2/15)

Altars:

Annotations:
D:1 1 transporter


Innate Abilities, Weirdness & Mutations

You have a pair of small antennae on your head.
Your demonic aura sometimes causes spilled blood to erupt in flames.


Message History

Welcome, sleeves the Demonspawn Cinder Acolyte.
The Orb of Zot is coveted for many reasons.
Will you seize it for your own? The flames of Ignis gently warm you.
Press ? for a list of commands and other information.
Found a staircase leading out of the dungeon.
Found a transporter.
There is a staircase leading out of the dungeon here.
There is a transporter here.
There is a staircase leading out of the dungeon here.
Found a dagger.
An endoplasm comes into view.
An endoplasm is nearby!
An endoplasm is nearby!
You hit the endoplasm. You burn the endoplasm.
The endoplasm is moderately wounded.
The endoplasm freezes you.
You are frozen.
You hit the endoplasm. You burn the endoplasm.
The endoplasm is almost dead.
The endoplasm freezes you.
You are frozen.
You are too injured to fight recklessly!
You are too injured to fight recklessly!
You are too injured to fight recklessly!
You are too injured to fight recklessly!
You are too injured to fight recklessly!
You are too injured to fight recklessly!
You are too injured to fight recklessly!
You hit the endoplasm. You burn the endoplasm.
You kill the endoplasm!
HP restored.
You now have 10 gold pieces.
You now have 21 gold pieces (gained 11).
A giant cockroach comes into view.
A giant cockroach is nearby!
A giant cockroach is nearby!
You hit the giant cockroach. You burn the giant cockroach.
You kill the giant cockroach!
No target in view!
No target in view!
You see here a giant cockroach corpse.
Found a mace.
A jackal comes into view.
A jackal is nearby!
A jackal is nearby!
A jackal comes into view.
The jackal barks! x2
A jackal comes into view.
The jackal closely misses you.
You hit the jackal. You burn the jackal.
You kill the jackal!
The jackal bites you but does no damage.
Your Long Blades skill increases to level 3!
You barely miss the jackal.
The jackal barks!
The jackal completely misses you. The jackal bites you.
A quokka comes into view.
You hit the jackal. You burn the jackal.
The jackal is moderately wounded.
The jackal bites you but does no damage.
The jackal bites you.
You barely miss the jackal.
The jackal is moderately wounded.
The jackal bites you but does no damage.
You closely miss the jackal.
The jackal is moderately wounded.
The jackal bites you. x2
You are too injured to fight recklessly!
You are too injured to fight recklessly!
You are too injured to fight recklessly!
You are too injured to fight recklessly!
You are too injured to fight recklessly!
You are too injured to fight recklessly!
You are too injured to fight recklessly!
You are too injured to fight recklessly!
You are too injured to fight recklessly!
You are too injured to fight recklessly!
You are too injured to fight recklessly!
You are too injured to fight recklessly!
You are too injured to fight recklessly!
You are too injured to fight recklessly!
You are too injured to fight recklessly!
You are too injured to fight recklessly!
You are too injured to fight recklessly!
You closely miss the jackal.
The jackal is moderately wounded.
The jackal closely misses you.
You hit the jackal but do no damage.
The jackal is lightly wounded.
The jackal bites you but does no damage.
The jackal barely misses you.
You closely miss the jackal.
The jackal is lightly wounded.
The jackal bites you but does no damage.
You barely miss the jackal.
The jackal is lightly wounded.
The jackal closely misses you. The jackal barely misses you.
You closely miss the jackal.
The jackal is lightly wounded.
The jackal barely misses you. The jackal bites you.
You hit the jackal. You burn the jackal.
You kill the jackal!
You closely miss the jackal. The jackal bites you.
* * * LOW HITPOINT WARNING * * *
The jackal completely misses you.
You hit the jackal. You burn the jackal.
You kill the jackal!
You hit the quokka. You burn the quokka.
You kill the quokka!
You have reached level 2!
Your demonic ancestry asserts itself...
Your blood heats up.
You see here a quokka corpse.
You see here a +0 mace.
Found a stone staircase leading down.
A bat comes into view.
A bat is nearby!
The bat hits you. The bat hits you.
You barely miss the bat. The bat closely misses you.
The bat hits you but does no damage.
You hit the bat. You burn the bat.
You kill the bat!
No target in view!
No target in view!
No target in view!
No target in view!
No target in view!
No target in view!
No target in view!
You now have 36 gold pieces (gained 15).
A hobgoblin comes into view.
A hobgoblin is nearby!
A hobgoblin is nearby!
The hobgoblin shouts!
The hobgoblin hits you but does no damage.
You barely miss the hobgoblin. The hobgoblin closely misses you.
You closely miss the hobgoblin. The hobgoblin closely misses you.
You hit the hobgoblin. You burn the hobgoblin.
You kill the hobgoblin!
No target in view!
No target in view!
No target in view!
No target in view!
No target in view!
No target in view!
A ball python comes into view.
A ball python is nearby!
A ball python is nearby!
The ball python bites you but does no damage.
The ball python grabs you. The ball python constricts you.
You closely miss the ball python.
The ball python bites you but does no damage.
The ball python constricts you.
You closely miss the ball python. The ball python bites you.
The ball python constricts you. The ball python bites you.
The ball python constricts you.
You barely miss the ball python. The ball python bites you.
The ball python constricts you.
You hit the ball python. You burn the ball python.
The ball python is severely wounded.
The ball python bites you. The ball python constricts you.
You hit the ball python. You burn the ball python.
You kill the ball python!
No target in view!
No target in view!
No target in view!
No target in view!
No target in view!
No target in view!
No target in view!
No target in view!
Found an escape hatch in the floor.
c - a scroll labelled ITHO HAIPSY
Found a leather armour.
No target in view!
No target in view!
No target in view!
No target in view!
No target in view!
No target in view!
An endoplasm and a frilled lizard come into view.
The frilled lizard hisses angrily.
There are monsters nearby!
There are monsters nearby!
The endoplasm quivers.
The endoplasm freezes you.
You are frozen.
You hit the endoplasm. You burn the endoplasm.
The endoplasm is heavily wounded.
The endoplasm freezes you.
You are frozen.
You hit the endoplasm. You burn the endoplasm.
You kill the endoplasm!
You hit the frilled lizard. You burn the frilled lizard.
You kill the frilled lizard!
No target in view!
No target in view!
No target in view!
No target in view!
No target in view!
No target in view!
No target in view!
No target in view!
You now have 48 gold pieces (gained 12).
You now have 54 gold pieces (gained 6).
You now have 62 gold pieces (gained 8).
A bat comes into view.
A bat is nearby!
A bat is nearby!
Found 7 gold pieces.
The bat barely misses you. The bat hits you.
You hit the bat. You burn the bat.
The bat is severely wounded.
The bat barely misses you.
A rat comes into view.
The bat hits you but does no damage.
Found a stone staircase leading down.
The bat closely misses you.
Found a leather armour and 6 gold pieces.
The bat closely misses you. The bat hits you but does no damage.
You barely miss the bat. The bat barely misses you. The bat hits you.
The bat hits you but does no damage.
You hit the rat. You burn the rat.
You kill the rat!
The bat closely misses you. The bat hits you but does no damage.
You barely miss the bat. Your punch misses the bat. The bat misses you.
The bat barely misses you. The bat misses you.
You hit the bat. You burn the bat.
You kill the bat!
No target in view!
No target in view!
No target in view!
No target in view!
No target in view!
No target in view!
No target in view!
No target in view!
No target in view!
No target in view!
No target in view!
No target in view!
No target in view!
No target in view!
A bat comes into view.
Found a hand axe.
Found a stone staircase leading down.
A bat is nearby!
A bat is nearby!
The bat hits you but does no damage.
You hit the bat but do no damage. The bat barely misses you.
The bat hits you but does no damage. The bat closely misses you.
There is a stone staircase leading down here.
You miss the bat. The bat closely misses you.
The bat hits you but does no damage.
You hit the bat but do no damage. The bat closely misses you.
The bat barely misses you.
You closely miss the bat. The bat completely misses you. The bat misses you.
You see here 7 gold pieces.
You barely miss the bat. The bat barely misses you.
You hit the bat. You burn the bat.
The bat is severely wounded.
The bat hits you but does no damage. The bat hits you.
The bat barely misses you.
You hit the bat. You burn the bat.
You kill the bat!
No target in view!
No target in view!
You see here a bat corpse.
A goblin comes into view. It is wielding a +0 dagger.
The goblin shouts!
You see here a +0 leather armour.
d - a +0 leather armour You start removing your armour.
You continue taking off your +0 robe. x4
The goblin hits you with a +0 dagger.
You finish taking off your +0 robe.
A goblin is nearby!
A goblin is nearby!
A goblin is nearby!
You barely miss the goblin. The goblin closely misses you.
You hit the goblin but do no damage. The goblin hits you with a +0 dagger.
You barely miss the goblin. The goblin barely misses you.
You closely miss the goblin. The goblin misses you.
You slash the goblin! You burn the goblin.
You kill the goblin!
You see here a +0 dagger.
You start putting on your armour.
You continue putting on your +0 leather armour. x4
You finish putting on your +0 leather armour.
You see here a +0 dagger.
There is a stone staircase leading down here.
You now have 69 gold pieces (gained 7).
A goblin comes into view. It is wielding a +0 club.
The goblin shouts!
A goblin is nearby!
A goblin is nearby!
You see here 6 gold pieces.
The goblin hits you with a +0 club.
You hit the goblin. You burn the goblin.
The goblin is heavily wounded.
The goblin hits you with a +0 club.
You completely miss the goblin.
The goblin is heavily wounded.
The goblin hits you but does no damage.
You hit the goblin but do no damage.
The goblin is heavily wounded.
The goblin completely misses you.
You hit the goblin. You burn the goblin.
You kill the goblin!
No target in view!
No target in view!
No target in view!
No target in view!
No target in view!
You now have 75 gold pieces (gained 6).
c - 2 scrolls labelled ITHO HAIPSY (gained 1)
You now have 83 gold pieces (gained 8).
A jackal comes into view.
The jackal barks!
A jackal comes into view.
The jackal moves out of view.
A jackal comes into view.
There are monsters nearby!
There are monsters nearby!
The jackal barks! x2
The jackal stops to sniff the ground.
A jackal comes into view.
The jackal attacks as you move away!
The jackal bites you but does no damage.
The jackal attacks as you move away! The jackal bites you.
The jackal closely misses you.
You closely miss the jackal. The jackal bites you.
You hit the jackal but do no damage. The jackal barely misses you.
You hit the jackal. You burn the jackal.
The jackal is heavily wounded.
The jackal bites you.
You hit the jackal. You burn the jackal.
You kill the jackal!
The jackal bites you.
You hit the jackal but do no damage. The jackal bites you.
You hit the jackal but do no damage.
The jackal bites you but does no damage. x2
You hit the jackal. You burn the jackal.
The jackal is almost dead.
The jackal bites you but does no damage.
The jackal bites you.
You barely miss the jackal.
The jackal is almost dead.
The jackal bites you but does no damage.
You hit the jackal but do no damage.
The jackal is almost dead.
The jackal bites you. x2
You completely miss the jackal.
The jackal is almost dead.
The jackal barely misses you.
You closely miss the jackal.
The jackal is almost dead.
The jackal bites you.
The jackal bites you but does no damage.
You hit the jackal but do no damage.
The jackal is almost dead.
The jackal barely misses you.
You hit the jackal. You burn the jackal.
You kill the jackal!
The jackal bites you but does no damage.
You hit the jackal. You burn the jackal.
You kill the jackal!
You closely miss the jackal. You punch the jackal.
The jackal is moderately wounded.
The jackal barely misses you.
The jackal bites you but does no damage.
You barely miss the jackal.
The jackal is moderately wounded.
The jackal barely misses you.
You barely miss the jackal.
The jackal is moderately wounded.
The jackal closely misses you. x2
You hit the jackal. You burn the jackal.
The jackal is severely wounded.
The jackal barely misses you.
You barely miss the jackal.
The jackal is severely wounded.
The jackal closely misses you. The jackal barely misses you.
You closely miss the jackal.
The jackal is severely wounded.
The jackal closely misses you.
You closely miss the jackal.
The jackal is severely wounded.
The jackal bites you. The jackal closely misses you.
You closely miss the jackal.
The jackal is severely wounded.
The jackal barely misses you. The jackal misses you.
You hit the jackal but do no damage.
The jackal is severely wounded.
The jackal closely misses you.
You hit the jackal. You burn the jackal.
You kill the jackal!
You swing at nothing.
You swing at nothing.
You swing at nothing.
You swing at nothing.
You swing at nothing.
You swing at nothing.
You swing at nothing.
You swing at nothing.
You swing at nothing.
You swing at nothing.
You swing at nothing.
You see here a jackal corpse.
A bat comes into view.
A bat is nearby!
A bat is nearby!
The bat completely misses you.
You barely miss the bat. The bat hits you.
You miss the bat. The bat hits you but does no damage. The bat misses you.
You hit the bat but do no damage. Your punch misses the bat.
The bat hits you but does no damage.
You barely miss the bat. The bat closely misses you.
You hit the bat. You burn the bat.
You kill the bat!
No target in view!
No target in view!
No target in view!
No target in view!
No target in view!
No target in view!
Found a sling.
You now have 88 gold pieces (gained 5).
Found a faded altar of an unknown god.
An endoplasm comes into view.
The endoplasm quivers.
The endoplasm hits you.
You hit the endoplasm. You burn the endoplasm.
The endoplasm is moderately wounded.
The endoplasm closely misses you.
The endoplasm hits you but does no damage.
You hit the endoplasm but do no damage.
The endoplasm is moderately wounded.
The endoplasm barely misses you.
You completely miss the endoplasm.
The endoplasm is lightly wounded.
The endoplasm hits you.
You hit the endoplasm. You burn the endoplasm.
You kill the endoplasm!
No target in view!
No target in view!
Found a dagger.
e - a scroll labelled WUUTWA FOBUM You now have 103 gold pieces (gained 15).
A bat comes into view.
The bat barely misses you.
You hit the bat. You burn the bat.
You kill the bat!
No target in view!
No target in view!
No target in view!
No target in view!
No target in view!
No target in view!
No target in view!
No target in view!
A rat comes into view.
You see here a bat corpse.
A rat is nearby!
A rat is nearby!
A rat is nearby!
The rat bites you.
You closely miss the rat. The rat closely misses you.
You closely miss the rat. The rat closely misses you.
You hit the rat. You burn the rat.
You kill the rat!
No target in view!
No target in view!
No target in view!
No target in view!
No target in view!
You see here a bat corpse.
An endoplasm comes into view.
The endoplasm quivers.
An endoplasm is nearby!
An endoplasm is nearby!
The endoplasm hits you but does no damage.
You barely miss the endoplasm.
The endoplasm hits you but does no damage.
The endoplasm hits you.
You hit the endoplasm but do no damage. You punch the endoplasm.
The endoplasm is lightly wounded.
The endoplasm freezes you.
You are frozen.
You hit the endoplasm. You burn the endoplasm.
You kill the endoplasm!
You have reached level 3!
Your experience leads to an increase in your attributes!
Increase (S)trength, (I)ntelligence, or (D)exterity?
You feel stronger. x2; Your demonic ancestry asserts itself...
A pair of antennae grows on your head!
There is a faded altar of an unknown god here.
You see here a jackal skeleton.
Key pressed, stopping explore.
You see here a +0 hand axe.
A sourceless malevolence fills the Dungeon...
You fall into a shaft and drop 1 floor!
The shaft crumbles and collapses.
Found a leather armour.
You see here a +0 leather armour.
Found an escape hatch in the ceiling.
A giant cockroach comes into view.
The giant cockroach waves its antennae.
A giant cockroach is nearby!
A goblin comes into view. It is wielding a +0 dagger.
The giant cockroach bites you but does no damage.
You slash the giant cockroach! You burn the giant cockroach.
You kill the giant cockroach!
Found an amethyst potion.
You closely miss the goblin. The goblin hits you but does no damage.
You barely miss the goblin. The goblin closely misses you.
You hit the goblin but do no damage. The goblin misses you.
You closely miss the goblin. The goblin barely misses you.
You hit the goblin. You burn the goblin.
The goblin is severely wounded.
The goblin closely misses you.
You barely miss the goblin.
The goblin is severely wounded.
The goblin hits you but does no damage. The goblin hits you with a +0 dagger.
A goblin is nearby!
A goblin is nearby!
A goblin is nearby!
You closely miss the goblin.
The goblin is severely wounded.
The goblin hits you but does no damage.
You barely miss the goblin.
The goblin is moderately wounded.
The goblin barely misses you.
You miss the goblin.
The goblin is moderately wounded.
The goblin hits you but does no damage.
You hit the goblin but do no damage.
The goblin is moderately wounded.
The goblin barely misses you.
You miss the goblin.
The goblin is moderately wounded.
The goblin barely misses you.
You hit the goblin. You burn the goblin.
You kill the goblin!
No target in view!
HP restored.
Found a stone staircase leading down.
f - an amethyst potion
There is a stone staircase leading down here.
You open the door.
There is an open door here.
A ball python comes into view.
The ball python hisses angrily.
You barely miss the ball python. The ball python bites you.
The ball python grabs you. The ball python constricts you.
You hit the ball python. You burn the ball python.
You kill the ball python!
No target in view!
No target in view!
No target in view!
No target in view!
No target in view!
No target in view!
No target in view!
No target in view!
No target in view!
(D) Dungeon
Where to? (? - help) Sorry, I don't know how to get there.
A hobgoblin comes into view.
Found a stone staircase leading down.
The hobgoblin shouts!
A hobgoblin is nearby!
A hobgoblin is nearby!
A hobgoblin is nearby!
You barely miss the hobgoblin. The hobgoblin closely misses you.
You hit the hobgoblin. You burn the hobgoblin.
The hobgoblin is moderately wounded.
The hobgoblin closely misses you. x2
You closely miss the hobgoblin.
The hobgoblin is moderately wounded.
The hobgoblin hits you.
You hit the hobgoblin. You burn the hobgoblin.
The hobgoblin is severely wounded.
The hobgoblin closely misses you.
You barely miss the hobgoblin. Your punch misses the hobgoblin.
The hobgoblin is severely wounded.
The hobgoblin hits you.
You hit the hobgoblin. You burn the hobgoblin.
You kill the hobgoblin!
No target in view!
No target in view!
No target in view!
No target in view!
No target in view!
No target in view!
No target in view!
No target in view!
No target in view!
A gnoll comes into view. It is wielding a +0 club.
A gnoll is nearby!
A gnoll is nearby!
A gnoll is nearby!
You see here a hobgoblin corpse. 2 gnolls come into view.
The gnoll shouts! x2
The gnoll hits you with a +0 club.
You hit the gnoll. You burn the gnoll.
The gnoll is heavily wounded.
The gnoll hits you with a +0 club.
You hit the gnoll but do no damage.
The gnoll is heavily wounded.
The gnoll hits you with a +0 club.
* * * LOW HITPOINT WARNING * * *
You are too injured to fight recklessly!
You are too injured to fight recklessly!
You are too injured to fight recklessly!
You are too injured to fight recklessly!
You are too injured to fight recklessly!
You are too injured to fight recklessly!
You are too injured to fight recklessly!
You are too injured to fight recklessly!
You are too injured to fight recklessly!
You are too injured to fight recklessly!
You are too injured to fight recklessly!
You are too injured to fight recklessly!
You are too injured to fight recklessly!
You hit the gnoll. You burn the gnoll.
The gnoll is almost dead.
The gnoll hits you with a +0 flail.
* * * LOW HITPOINT WARNING * * *
The gnoll hits you with a +0 club.
* * * LOW HITPOINT WARNING * * *
You barely miss the gnoll. The gnoll completely misses you.
The gnoll hits you with a +0 club.
* * * LOW HITPOINT WARNING * * *
The gnoll completely misses you. The gnoll hits you with a +0 club!
You die...

#.# ##.# #.# #..#
#.# #..# #.# #..#
##.####..#
######........#
#.......#####†###
#..#####.##.....g#
#.##.##.#@# #+##
#.## #.#g#
...#####.# #.#g#
...'.....# #.#.#
...###...# #.#.#
...# #...# #.#..
#### #...# #...# #
#...# #.# # #####


You could see 3 gnolls.

Vanquished Creatures
  4 endoplasms (D:1)
  2 giant cockroaches
  3 goblins
  2 hobgoblins
  7 jackals (D:1)
  A quokka (D:1)
  2 ball pythons
  5 bats (D:1)
  A frilled lizard (D:1)
  2 rats (D:1)
29 creatures vanquished.

Notes
Turn   | Place    | Note
-------+----------+-------------------------------------------
     0 | D:1      | sleeves the Demonspawn Cinder Acolyte began the quest for
                  | the Orb.
     0 | D:1      | Reached XP level 1. HP: 18/18 MP: 2/2
    94 | D:1      | Reached skill level 3 in Long Blades
   104 | D:1      | HP: 9/18 [jackal (1)]
   107 | D:1      | Gained mutation: Your demonic aura sometimes causes spilled
                  | blood to erupt in flames. [demonic ancestry]
   107 | D:1      | Reached XP level 2. HP: 13/24 MP: 3/3
   582 | D:1      | Found a faded altar of an unknown god.
   751 | D:1      | Gained mutation: You have a pair of small antennae on your
                  | head. [demonic ancestry]
   751 | D:1      | Reached XP level 3. HP: 22/29 MP: 4/4
   957 | D:1      | You fall into a shaft and drop 1 floor!
  1067 | D:2      | HP: 14/29 [gnoll/+0 club (6)]
  1070 | D:2      | Slain by a gnoll

Illustrated notes

Levels and vault maps discovered:
D:1:      spicycebolla_arrival_risky_transporter, layout_loops_ring,
          dreamdust_ecumenical_altar_grove, nicolae_figureground_pulse
D:2:      layout_basic, basic_altar

Skill      XL: |  1 |
---------------+----+-----
Long Blades    | 3 |  3.9
Fighting       | |  3.0
Spellcasting   | |  1.0
Fire Magic     | |  2.6

Action                   || total
-------------------------++-------
Melee: Falchion          ||   117
       Punch             ||     2
Armor: Robe              ||    17
       Leather armour    ||    19
Dodge: Dodged            ||    70

Table legend: (Time is in decaauts)
 A = Elapsed time spent in this place.
 B = Non-inter-level travel time spent in this place.
 C = Inter-level travel time spent in this place.
 D = Time resting spent in this place.
 E = Time spent auto-exploring this place.
 F = Levels seen in this place.
 G = Mean time per level.
                   A        B        C        D        E       F      G
               +--------+--------+--------+--------+--------+-----+--------+
         Total |   1086 |   1086 |      0 |      0 |    830 |   2 |  543.0 |
       Dungeon |   1086 |   1086 |      0 |      0 |    830 |   2 |  543.0 |
               +--------+--------+--------+--------+--------+-----+--------+

Top non-repeatable levels by time:
     D:1: 970 daAuts
     D:2: 115 daAuts
